 Dungeon Crawl Stone Soup version 0.16-a0-1157-gec61f8e (webtiles) character file.

711 Ololoev the Jinx (level 7, -5/32 HPs)
             Began as a Spriggan Enchanter on Oct 8, 2014.
             Slain by a gnoll
             ... wielding a +0 spear
              (11 damage)
             ... on level 4 of the Dungeon.
             The game lasted 00:17:01 (3797 turns).

Ololoev the Jinx (Spriggan Enchanter)               Turns: 3797, Time: 00:17:01

Health: -5/32      AC:  4    Str:  4    XL:     7   Next: 40%
Magic:  14/25      EV: 18    Int: 19    God:
Gold:   202        SH:  0    Dex: 16    Spells: 3 memorised, 14 levels left

rFire  . . .     SeeInvis +     o - +1 dagger (venom)
rCold  . . .     Clarity  .     b - +1 robe
rNeg   . . .     SustAb   .     (shield restricted)
rPois  .         Gourm    .     (helmet restricted)
rElec  .         Spirit   .     q - +0 cloak
rCorr  .         Warding  .     (gloves unavailable)
rMut   .         Stasis   .     (boots unavailable)
MR     +....                    (no amulet)
Stlth  +++.......               (no ring)
                                (no ring)

@: very quick, somewhat resistant to hostile enchantments, fairly stealthy
A: unfitting armour, see invisible, herbivore 3, speed 3, slow metabolism 2
a: no special abilities


You were on level 4 of the Dungeon.
You were not hungry.

You visited 1 branch of the dungeon, and saw 4 of its levels.

You collected 202 gold pieces.

Inventory:

Hand weapons
 o - a +1 dagger of venom (weapon)
 r - a +1 dagger of protection
Missiles
 u - 7 tomahawks of dispersal (quivered)
Armour
 b - a +1 robe (worn)
 q - a +0 cloak (worn)
Magical devices
 p - a wand of flame (14)
Comestibles
 a - a fruit
 x - a bread ration
Scrolls
 e - 2 scrolls of remove curse {unknown}
 f - a scroll of amnesia {unknown}
 j - 4 scrolls of identify {unknown}
 m - 2 scrolls of teleportation {unknown}
 t - a scroll of enchant weapon {unknown}
 v - a scroll of recharging {unknown}
 w - 3 scrolls of fog {unknown}
Jewellery
 i - a +5 ring of slaying {unknown}
Potions
 d - a potion of porridge
 g - a potion of invisibility {unknown}
 h - 2 potions of might {unknown}
 k - 2 potions of brilliance {unknown}
 l - a potion of cancellation {unknown}
 n - a potion of haste {unknown}
 s - a potion of flight {unknown}
Books
 c - a book of Maledictions

   Spells                             Type                      Level
   *Corona                            Hexes                        1
   Sure Blade                         Hexes/Charms                 2
   *Ensorcelled Hibernation           Hexes/Ice                    2
   *Confuse                           Hexes                        3
   Dazzling Spray                     Conjuration/Hexes            3
   Enslavement                        Hexes                        4


   Skills:
 - Level 1.1 Short Blades
 - Level 3.0 Dodging
 - Level 4.4 Stealth
 + Level 7.0 Spellcasting
 * Level 8.2 Hexes


You had 14 spell levels left.
You knew the following spells:

 Your Spells              Type           Power        Failure   Level  Hunger
a - Corona                Hex            #####..      1%          1    None
b - Ensorcelled Hibernat  Hex/Ice        ###...       3%          2    None
c - Confuse               Hex            #####...     1%          3    ##.....


Dungeon Overview and Level Annotations

Branches:
Dungeon (4/15)
 Temple: D:4-7

Altars:
Makhleb
Ru


Innate Abilities, Weirdness & Mutations

You are tiny and cannot use many weapons and most armour.
You have supernaturally acute eyesight.
You are a herbivore.
You cover ground extremely quickly.
You need consume almost no food.


Message History

Confirm with . or Enter, or press ? or * to list all spells.
Aiming: Confuse
Press: ? - help, Shift-Dir - straight line, f/p - ogre
Aim: an ogre, wielding a giant club (severely wounded)
The ogre appears confused.
Casting: Confuse
Confirm with . or Enter, or press ? or * to list all spells.
Aiming: Confuse
Press: ? - help, Shift-Dir - straight line, f/p - ogre
Aim: an ogre, wielding a giant club (severely wounded, bewildered and confused)
The giant newt appears confused.
Casting: Confuse
Confirm with . or Enter, or press ? or * to list all spells.
Aiming: Ensorcelled Hibernation
Press: ? - help, Shift-Dir - straight line, f/p - ogre
Aim: an ogre, wielding a giant club (severely wounded, bewildered and confused)
The gnoll looks drowsy...
The gnoll shouts!
You barely miss the gnoll. The gnoll hits you with a spear!
You die...

....#.##.......#)########........
....#.......)..#...# #........##
....<..........#...# #..........
...............#...# #........##
....#.#.#.##..##)..####........#
..).#...#.##..##...+..#........#
..........##.###...##.###'####.#
.............# #..)##.# #.# #.#
..........#### #@####.###.# ###
..........######g# #.)...# ##
.........%.......####.##########.
...............O....%.........P..
≈≈≈≈≈≈≈≈≈...g≈≈≈≈≈≈≈≈≈≈≈≈≈≈≈≈≈≈≈.
≈≈≈≈≈≈≈≈≈....≈≈≈≈≈≈≈≈≈≈≈≈≈≈≈≈≈≈≈.
≈≈≈≈≈≈≈≈≈....≈≈≈≈≈≈≈≈≈≈≈≈#####≈≈.
.........................#gg.#≈≈.
#########''''#############...#≈≈.


You could see an ogre (confused) and a gnoll.

Vanquished Creatures
  Sigmund (D:4)
  Blork the orc (D:4)
  A hound (D:4)
  Crazy Yiuf (D:2)
  An orc priest (D:3)
  A worker ant (D:4)
  2 orc wizards (D:3)
  Jessica (D:2)
  19 gnolls
  10 adders
  2 giant mites
  A worm (D:2)
  3 giant geckos
  8 orcs
  3 ball pythons (D:3)
  7 bats
  4 giant cockroaches
  10 goblins
  11 hobgoblins
  4 jackals (D:4)
  2 quokkas
  4 giant newts
  A jackal skeleton (D:4)
  9 kobolds
  12 rats
  A rat skeleton (D:4)
  A fungus (D:2)
121 creatures vanquished.

Notes
Turn   | Place    | Note
--------------------------------------------------------------
     0 | D:1      | Ololoev, the Spriggan Enchanter, began the quest for the Orb.
     0 | D:1      | Reached XP level 1. HP: 9/9 MP: 4/4
   233 | D:1      | Reached XP level 2. HP: 13/13 MP: 6/8
   237 | D:1      | Learned a level 2 spell: Ensorcelled Hibernation
  1142 | D:2      | Noticed Jessica
  1148 | D:2      | Killed Jessica
  1148 | D:2      | Reached XP level 3. HP: 16/16 MP: 2/12
  1380 | D:2      | Reached XP level 4. HP: 21/21 MP: 12/15
  1387 | D:2      | Learned a level 3 spell: Confuse
  1686 | D:2      | Reached skill level 5 in Spellcasting
  1686 | D:2      | Reached skill level 5 in Hexes
  1774 | D:2      | Reached XP level 5. HP: 24/24 MP: 16/19
  2009 | D:2      | Noticed Crazy Yiuf
  2018 | D:2      | Killed Crazy Yiuf
  2162 | D:3      | Found a sacrificial altar of Ru.
  2226 | D:3      | Reached skill level 6 in Hexes
  2421 | D:3      | Reached XP level 6. HP: 28/28 MP: 14/21
  2515 | D:3      | Found a burning altar of Makhleb.
  2832 | D:4      | Noticed Blork the orc
  2856 | D:4      | Killed Blork the orc
  3037 | D:4      | Reached skill level 7 in Hexes
  3154 | D:4      | Noticed a troll
  3249 | D:4      | Reached XP level 7. HP: 30/32 MP: 19/24
  3372 | D:4      | Noticed Sigmund
  3389 | D:4      | Killed Sigmund
  3624 | D:4      | Reached skill level 8 in Hexes
  3797 | D:4      | Slain by a gnoll

Action                   |  1- 3 |  4- 6 |  7- 9 || total
-------------------------+-------+-------+-------++-------
Melee: Dagger            |   100 |   199 |    40 ||   339
 Cast: Corona            |     5 |       |       ||     5
       Ensorcelled Hiber |     8 |    23 |    15 ||    46
       Confuse           |       |     3 |     4 ||     7
 Stab: Sleeping          |    11 |    29 |     6 ||    46
       Distracted        |     1 |       |       ||     1
       Confused          |       |     2 |     1 ||     3
  Eat: Fruit             |       |     1 |     1 ||     2
